 Dungeon Crawl Stone Soup version 0.31-a0-1242-g57893ffec4 (webtiles) character file.

Game seed: 13806101758913568154

1775 James the Grappler (level 8, -5/87 HPs)
             Began as a Troll Gladiator on Dec 16, 2023.
             Slain by a large slime creature (15 damage)
             ... on level 5 of the Dungeon.
             The game lasted 00:10:53 (4307 turns).

James the Grappler (Troll Gladiator)                Turns: 4307, Time: 00:10:54

Health: -5/87      AC:  8    Str: 25    XL:     8   Next: 80%
Magic:  7/7        EV: 10    Int:  4    God:
Gold:   287        SH:  0    Dex: 11    Spells: 7/7 levels left

rFire   + .          .
                       - Unarmed
rCold   + . .        (no shield)
rNeg    . . .        g - +0 acid dragon scales
rPois   .            B - +0 hat
rElec   .            (no cloak)
rCorr   +            (gloves unavailable)
SInv    .            (boots unavailable)
Will    .....        (no amulet)
Stlth   +            i - ring of protection from fire
HPRegen 1.14/turn    o - ring of protection from cold
MPRegen 0.10/turn

%: no passive effects
@: studying Axes
A: large, unfitting armour, claws 3, regeneration 1, shaggy fur 1, tough skin 1
a: no special abilities


You were on level 5 of the Dungeon.
You visited 1 branch of the dungeon, and saw 5 of its levels.

You collected 287 gold pieces.

Inventory:

Hand Weapons
 b - a +1 sling of draining
   (You took it off a goblin on level 4 of the Dungeon)
 h - a +0 giant spiked club
   (You took it off a two-headed ogre on level 5 of the Dungeon)
 s - the +11 dagger of Reason {heavy, rElec rC+ rN+ Stlth-}
   (You found it on level 3 of the Dungeon)

   rC+:       It protects you from cold.
   rElec:     It insulates you from electricity.
   rN+:       It protects you from negative energy.
   Stlth-:    It makes you less stealthy.
 H - a +0 spear
   (You found it on level 3 of the Dungeon)
Missiles
 c - 3 throwing nets (quivered) {!f}
 d - 5 large rocks
 f - 5 curare-tipped darts {!f}
 k - 14 poisoned darts
Armour
 a - a +0 robe
 g - +0 acid dragon scales (worn)
   (You found it on level 1 of the Dungeon)
 m - a +0 robe
   (You found it on level 1 of the Dungeon)
 p - a +0 robe
   (You found it on level 5 of the Dungeon)
 r - a +0 robe
   (You found it on level 3 of the Dungeon)
 v - a +0 robe
   (You found it on level 3 of the Dungeon)
 z - a +0 robe
   (You took it off an orc wizard on level 4 of the Dungeon)
 B - a +0 hat (worn)
 I - a +0 robe
   (You took it off an orc wizard on level 4 of the Dungeon)
 J - a +0 robe
   (You took it off an orc on level 4 of the Dungeon)
Jewellery
 i - a ring of protection from fire (left claw)
   (You found it on level 1 of the Dungeon)
 o - a ring of protection from cold (right claw)
   (You found it on level 5 of the Dungeon)
Wands
 u - a wand of paralysis (13)
   (You found it on level 4 of the Dungeon)
Scrolls
 e - a scroll of blinking
 q - a scroll of teleportation {@r4}
Potions
 j - a potion of resistance
 l - 2 potions of curing {@q1}
 n - a potion of might {unknown}
 t - a potion of degeneration {unknown}
 w - a potion of haste {unknown}
 x - 2 potions of enlightenment
 A - a potion of magic {unknown}
 D - a potion of brilliance {unknown}
 G - a potion of heal wounds {@q2}


   Skills:
 - Level 7.0 Fighting
 - Level 2.0 Throwing
 - Level 3.0 Dodging
 + Level 8.2 Unarmed Combat


You had 7 spell levels left.
You didn't know any spells.
Your spell library contained the following spells:

 Spells                   Type           Power      Damage    Failure   Level
 Apportation              Tloc           0%         N/A       56%         1
 Necrotise                Necr           0%         1d4       56%         1
 Summon Small Mammal      Summ           0%         N/A       56%         1
 Cigotuvi's Dreadful Rot  Necr/Pois/Air  0%         N/A       71%         2
 Ignite Poison            Fire/Tmut/Pois 0%         N/A       91%         3
 Inner Flame              Hex/Fire       0%         N/A       91%         3
 Flame Wave               Conj/Fire      0%         2d4       100%        4
 Sticky Flame             Conj/Fire      0%         2d3       100%        4
 Freezing Cloud           Conj/Ice/Air   0%         6-21      100%        5
 Ignition                 Fire           0%         3d3       100%        8


Dungeon Overview and Level Annotations

Branches:
Dungeon (5/15)
 Temple: D:4-7

Altars:
Dithmenos
Okawaru
Ru
Trog
Wu Jian
Zin

Shops:
D:1 [(

Annotations:
D:4 1 runed translucent door, rumpelstilzz's ghost, novice OpVM
D:5 1 runed translucent door, Crazy Yiuf


Innate Abilities, Weirdness & Mutations

You are too large for most types of armour.
You have claws for hands.
Your natural rate of healing is unusually fast.
You are covered in fur. (AC +1)
You have tough skin. (AC +1)


Message History

The endoplasm quivers. x2
The slime creature quivers. x2
There is an open door here.
You see here a +0 short sword.
There is an open door here.
There is an open gate here.
You see here a +0 whip.
There is a stone staircase leading up here.
You scratch the endoplasm. You scratch the endoplasm.
You kill the endoplasm!
The endoplasm freezes you.
You are frozen.
You resist.
You scratch the endoplasm. The endoplasm hits you.
You mangle the endoplasm!!
You kill the endoplasm!
There is a stone staircase leading up here.
You climb upwards.
Level annotation: 1 runed translucent door, rumpelstilzz's ghost, novice OpVM
There is a stone staircase leading down here.
There is a stone staircase leading down here.
You climb downwards.
Level annotation: 1 runed translucent door, Crazy Yiuf
There is a stone staircase leading up here.
You enter the shallow water.
An endoplasm is nearby!
You enter the shallow water.
The endoplasm splashes around in the water.
You mangle the endoplasm!!
You kill the endoplasm!
No target in view!
No target in view!
The slime creature quivers.
Two slime creatures merge to form a large slime creature.
The large slime creature attacks as it pursues you!
The large slime creature hits you!!!
The large slime creature attacks as it pursues you!
The large slime creature hits you!!
* * * LOW HITPOINT WARNING * * *
The large slime creature attacks as it pursues you!
The large slime creature hits you!
* * * LOW HITPOINT WARNING * * *
The large slime creature jiggles.
You enter the shallow water.
The large slime creature attacks as it pursues you!
The large slime creature hits you!
* * * LOW HITPOINT WARNING * * *
The large slime creature attacks as it pursues you!
The large slime creature hits you!
You die...

###.# #.##.##~~≈≈≈≈≈## #........
#.# #.##.#~.≈≈~~≈≈≈# #########
#.###.##.#~~~≈~~≈≈≈≈≈ ### #
#...)......~≈~≈≈≈≈≈## #.# #
###......#.#.≈~≈~##### #.# #
.##......#.#.~≈~~~##.####.#######
.##.###..#.#..~~~~##.#...........
.##......#.#~~~J≈.##.#.##.#######
...........#.~.~@.##.#.##.#
.#####.#####~.≈~~.##.#.##.#######
..<..#.......~~≈~..#.#...........
.#.#.#######.~.~~..#.#..#.#######
.#.#.##.....(~~~~~.#.#..#.#
.#.#.##.####..~~~.##.#..#.#
.#....#.# #.~~~~.##.#..#.#
######### ##~~~~.##.#..#.# .....#
##≈≈~≈~~##.#..#.#


You could see a large slime creature.

Vanquished Creatures
  A two-headed ogre (D:5)
  A wyvern (D:5)
  A black bear (D:5)
  2 phantoms (D:5)
  4 kobold brigands (D:5)
  An orc priest (D:5)
  4 jellies (D:5)
  3 hounds
  2 sleepcaps (D:5)
  Natasha (thrice) (D:4)
  2 orc wizards (D:4)
  A gnoll (D:1)
  3 adders
  7 orcs
  11 ball pythons
  3 bats
  16 endoplasms
  3 giant cockroaches
  6 goblins
  5 hobgoblins
  6 jackals
  12 kobolds
  5 quokkas
  3 frilled lizards
  4 rats
109 creatures vanquished.

Notes
Turn   | Place    | Note
-------+----------+-------------------------------------------
     0 | D:1      | James the Troll Gladiator began the quest for the Orb.
     0 | D:1      | Reached XP level 1. HP: 19/19 MP: 0/0
     6 | D:1      | Found Zemabrel's Antique Armour Shoppe.
    56 | D:1      | Reached XP level 2. HP: 27/27 MP: 1/1
   267 | D:1      | Reached skill level 4 in Unarmed Combat
   407 | D:1      | Reached XP level 3. HP: 33/33 MP: 2/2
   435 | D:1      | Found Vyqaenitz's Antique Weapon Emporium.
  1517 | D:3      | Reached skill level 5 in Unarmed Combat
  1517 | D:3      | Reached XP level 4. HP: 41/41 MP: 3/3
  1580 | D:3      | Identified the +11 dagger of Reason {heavy, rElec rC+ rN+
                  | Stlth-}
  2059 | D:4      | Found a runed translucent door.
  2065 | D:4      | Noticed rumpelstilzz's ghost (novice OpVM)
  2142 | D:4      | Reached XP level 5. HP: 44/48 MP: 4/4
  2196 | D:4      | Reached skill level 6 in Unarmed Combat
  2392 | D:4      | Noticed Natasha
  2398 | D:4      | Killed Natasha
  2736 | D:4      | Noticed Natasha
  2741 | D:4      | Killed Natasha
  2742 | D:4      | Reached XP level 6. HP: 54/58 MP: 5/5
  2752 | D:4      | Noticed Natasha
  2760 | D:4      | Killed Natasha
  2841 | D:5      | Entered Level 5 of the Dungeon
  3238 | D:5      | Reached skill level 7 in Unarmed Combat
  3238 | D:5      | Reached XP level 7. HP: 66/67 MP: 6/6
  3244 | D:5      | Found a glowing silver altar of Zin.
  3244 | D:5      | Found a sacrificial altar of Ru.
  3244 | D:5      | Found an iron altar of Okawaru.
  3244 | D:5      | Found a shadowy altar of Dithmenos.
  3244 | D:5      | Found an ornate altar of the Wu Jian Council.
  3244 | D:5      | Found a bloodstained altar of Trog.
  3244 | D:5      | Noticed a slime creature
  3244 | D:5      | Noticed a slime creature
  3515 | D:5      | Noticed a two-headed ogre
  3530 | D:5      | Reached skill level 8 in Unarmed Combat
  3537 | D:5      | Killed a two-headed ogre
  3538 | D:5      | Reached skill level 5 in Fighting
  3538 | D:5      | Reached XP level 8. HP: 8/83 MP: 7/7
  3761 | D:5      | Found a runed translucent door.
  3762 | D:5      | Noticed Crazy Yiuf
  4307 | D:5      | Slain by a large slime creature

Illustrated notes

Levels and vault maps discovered:
D:1:      minmay_arrival_diagonal_passages, layout_loops_ring, serial_shops,
          nicolae_shop_just_a_little_nook, nicolae_diamond_shop
D:2:      layout_basic, minmay_pentomino_v2
D:3:      layout_loops_ring
D:4:      layout_rooms, hellmonk_ghost_happy_afterlife, serial_bayou_lagoon_b,
          uniq_natasha
D:5:      cheibrodos_fertilizer, layout_basic, chequers_serial_rivers_large_a,
          minmay_manual_monstrance, uniq_crazy_yiuf_cottage

Skill      XL: |  1  2  3  4  5  6  7  8 |
---------------+-------------------------+-----
Unarmed Combat | 4 5 6 7 8 |  8.2
Throwing       | 2 |  2.0
Fighting       | 2 3 5 7 |  7.0
Dodging        | 3 |  3.0

Action                     |  1- 3 |  4- 6 |  7- 9 || total
---------------------------+-------+-------+-------++-------
  Melee: Unarmed           |   130 |   128 |    66 ||   324
         Punch             |     2 |     2 |     3 ||     7
  Evoke: Wand              |       |       |     4 ||     4
    Use: Scroll            |       |    12 |       ||    12
 Armour: Robe              |    16 |       |       ||    16
         Acid dragon scale |    72 |   113 |    44 ||   229
  Dodge: Dodged            |    62 |    44 |    24 ||   130

Table legend: (Time is in decaauts)
 A = Elapsed time spent in this place.
 B = Non-inter-level travel time spent in this place.
 C = Inter-level travel time spent in this place.
 D = Time resting spent in this place.
 E = Time spent auto-exploring this place.
 F = Levels seen in this place.
 G = Mean time per level.
                   A        B        C        D        E       F      G
               +--------+--------+--------+--------+--------+-----+--------+
         Total |   4273 |   3970 |    303 |    311 |   2676 |   5 |  854.6 |
       Dungeon |   4273 |   3970 |    303 |    311 |   2676 |   5 |  854.6 |
               +--------+--------+--------+--------+--------+-----+--------+

Top non-repeatable levels by time:
     D:5: 1359 daAuts
     D:4: 825 daAuts
     D:1: 796 daAuts
     D:2: 675 daAuts
     D:3: 616 daAuts
